 Dungeon Crawl Stone Soup version 0.29-a0-96-g93358da72b (webtiles) character file.

Game seed: 3229851331563395822

31 Sweetruy1997 the Skirmisher (level 3, -2/29 HPs)
             Began as a Demonspawn Chaos Knight on Feb 13, 2022.
             Was a Plaything of Xom.
             Killed from afar by a dart slug (3 damage)
             ... with a slug dart
             ... on level 1 of the Dungeon.
             The game lasted 00:01:31 (391 turns).

Sweetruy1997 the Skirmisher (DsCK)                   Turns: 391, Time: 00:01:31

Health: -2/29      AC:  5    Str: 12    XL:     3   Next: 7%
Magic:  3/3        EV: 11    Int: 13    God:    Xom [..*...]
Gold:   10         SH:  0    Dex: 16    Spells: 2/2 levels left

rFire   . . .      SeeInvis .   a - +0 falchion (chaos)
rCold   . . .      Faith    .   (no shield)
rNeg    . . .      Spirit   .   b - +2 leather armour
rPois   .          Reflect  .   (helmet restricted)
rElec   +          Harm     .   (no cloak)
rCorr   .          Rampage  .   (no gloves)
Will    .....                   (no boots)
Stlth   ++........              (no amulet)
HPRegen 0.09/turn               (no ring)
MPRegen 0.08/turn               (no ring)

@: mighty, hasted, very quick
A: thin skeletal structure 1, foul stench 1, antennae 1, mutation resistance 1,
electricity resistance
a: Renounce Religion


You were on level 1 of the Dungeon.
You worshipped Xom.
You were a toy of Xom.
You visited 1 branch of the dungeon, and saw 1 of its levels.

You collected 10 gold pieces.

Inventory:

Hand Weapons
 a - a +0 falchion of chaos (weapon)
Armour
 b - a +2 leather armour (worn)


   Skills:
 + Level 3.4 Fighting
 + Level 3.2 Long Blades
 + Level 2.0 Armour
 + Level 1.3 Dodging
 + Level 0.1 Stealth


You had 2 spell levels left.
You didn't know any spells.
Your spell library was empty.

Dungeon Overview and Level Annotations

Branches:
Dungeon (1/15)

Altars:


Innate Abilities, Weirdness & Mutations

You have a somewhat thin skeletal structure. (Dex +2, Stealth+)
You may rarely emit foul miasma when damaged in melee.
You have a pair of small antennae on your head.
You are somewhat resistant to further mutation.
You are resistant to electric shocks. (rElec)


Message History

You kill the gnoll!
The frilled lizard hisses.
Your Armour skill increases to level 2!
You have reached level 3!
Your experience leads to an increase in your attributes!
Increase (S)trength, (I)ntelligence, or (D)exterity?
You feel agile. x2; Your demonic ancestry asserts itself...
Your bones become slightly less dense.
You see here 13 gold pieces.
You closely miss the frilled lizard. The frilled lizard closely misses you.
You barely miss the frilled lizard. The frilled lizard misses you.
You hit the frilled lizard.
You feel better.
You kill the frilled lizard!
The quokka bites you.
* * * LOW HITPOINT WARNING * * *
You hit the quokka.
The quokka is moderately wounded.
The quokka closely misses you.
The dart slug briefly extends its eye-stalks.
You barely miss the quokka.
The quokka is moderately wounded.
The quokka bites you but does no damage.
You hit the quokka but do no damage.
The quokka is moderately wounded.
The quokka blinks!
The quokka bites you.
* * * LOW HITPOINT WARNING * * *
It was a potion of mutation.
You feel extremely strange.
You feel insulated.
You feel genetically stable. A pair of antennae grows on your head!
The dart slug barely misses you. The quokka misses you.
It was a potion of might.
You feel very mighty all of a sudden. The quokka barely misses you.
The dart slug barely misses you.
It was a potion of haste.
You feel yourself speed up. The quokka closely misses you.
You hit the quokka.
You kill the quokka!
The dart slug launches a dart at you. The slug dart hits you.
You die...

..............###
.................
.............######
...................
...########.#..###
..)# #....# ...#
#...## ...#
#...########## ####
#....w@.......
######+#.##########
......†w.#
.......))#
.........#
.........#
.........#
.........#
.........#


You could see a dart slug.

Vanquished Creatures
  A gnoll (D:1)
  2 ball pythons (D:1)
  3 bats (D:1)
  An endoplasm (D:1)
  A giant cockroach (D:1)
  A goblin (D:1)
  2 hobgoblins (D:1)
  A jackal (D:1)
  2 kobolds (D:1)
  2 quokkas (D:1)
  2 frilled lizards (D:1)
  A rat (D:1)
19 creatures vanquished.

Notes
Turn   | Place    | Note
-------+----------+-------------------------------------------
     0 | D:1      | Sweetruy1997 the Demonspawn Chaos Knight began the quest
                  | for the Orb.
     0 | D:1      | Reached XP level 1. HP: 18/18 MP: 1/1
   129 | D:1      | Gained mutation: You may rarely emit foul miasma when
                  | damaged in melee. [demonic ancestry]
   129 | D:1      | Reached XP level 2. HP: 17/24 MP: 2/2
   258 | D:1      | Reached skill level 1 in Dodging
   379 | D:1      | Gained mutation: You have a somewhat thin skeletal
                  | structure. (Dex +2, Stealth+) [demonic ancestry]
   379 | D:1      | Reached XP level 3. HP: 5/29 MP: 3/3
   387 | D:1      | HP: 1/29 [quokka (4)]
   388 | D:1      | Gained mutation: You are resistant to electric shocks.
                  | (rElec) [potion of mutation]
   388 | D:1      | Gained mutation: You are somewhat resistant to further
                  | mutation. [potion of mutation]
   388 | D:1      | Gained mutation: You have a pair of small antennae on your
                  | head. [potion of mutation]
   391 | D:1      | Killed from afar by a dart slug

Illustrated notes

Levels and vault maps discovered:
D:1:      nzn_arrival_settlement, layout_basic

Skill      XL: |  1  2 |
---------------+-------+-----
Dodging        | 1 |  1.3
Long Blades    | 3 |  3.2
Armour         | 2 |  2.0
Fighting       | |  3.4
Stealth        | |  0.1

Action                   || total
-------------------------++-------
Melee: Falchion          ||    50
  Use: Potion            ||     3
 Stab: Confused          ||     1
Armor: Leather armour    ||    25
Dodge: Dodged            ||    35

Table legend: (Time is in decaauts)
 A = Elapsed time spent in this place.
 B = Non-inter-level travel time spent in this place.
 C = Inter-level travel time spent in this place.
 D = Time resting spent in this place.
 E = Time spent auto-exploring this place.
 F = Levels seen in this place.
 G = Mean time per level.
                   A        B        C        D        E       F      G
               +--------+--------+--------+--------+--------+-----+--------+
         Total |    398 |    398 |      0 |      0 |    289 |   1 |  398.0 |
       Dungeon |    398 |    398 |      0 |      0 |    289 |   1 |  398.0 |
               +--------+--------+--------+--------+--------+-----+--------+

Top non-repeatable levels by time:
     D:1: 398 daAuts
